 Dungeon Crawl Stone Soup version 0.28.0-53-g5a82cb258f (webtiles) character file.

Game seed: 13935003984790313235

4025 mcbry74 the Arsonist (level 10, -10/69 HPs)
             Began as a Hill Orc Fire Elementalist on July 19, 2022.
             Was a Believer of Sif Muna.
             Mangled by a two-headed ogre
             ... wielding a +0 giant club
              (11 damage)
             ... on level 8 of the Dungeon.
             The game lasted 00:43:24 (12270 turns).

mcbry74 the Arsonist (Hill Orc Fire Elementalist)  Turns: 12270, Time: 00:43:25

Health: -10/69     AC:  8    Str: 12    XL:     10   Next: 24%
Magic:  7/12       EV: 11    Int: 19    God:    Sif Muna [**....]
Gold:   318        SH:  0    Dex: 11    Spells: 5/12 levels left

rFire   + . .      SeeInvis .   m - +4 quarterstaff (chaos)
rCold   . . .      Faith    +   (shield currently unavailable)
rNeg    + . .      Spirit   .   A - +1 leather armour {rF+}
rPois   .          Reflect  .   (no helmet)
rElec   .          Harm     .   u - +0 cloak
rCorr   +          Rampage  .   (no gloves)
Will    .....                   l - +2 pair of boots
Stlth   +.........              t - amulet of faith
HPRegen 0.21/turn               b - ring of positive energy
MPRegen 0.13/turn               j - ring of resist corrosion

@: no status effects
A: no striking features
a: Renounce Religion, Channel Magic


You were on level 8 of the Dungeon.
You worshipped Sif Muna.
Sif Muna was pleased with you.
You visited 1 branch of the dungeon, and saw 8 of its levels.

You collected 318 gold pieces.

Inventory:

Hand Weapons
 g - a +0 whip
 i - a +0 dagger
 m - a +4 quarterstaff of chaos (weapon)
 v - a +1 antimagic dagger
 H - a +1 dagger of pain
 I - a +4 dagger of pain
Missiles
 q - 17 poisoned darts
 x - a throwing net
Armour
 a - a +1 robe
 l - a +2 pair of boots (worn)
 n - a scarf of invisibility
 u - a +0 cloak (worn)
 A - a +1 leather armour of fire resistance (worn)
Magical Staves
 z - a staff of earth
Jewellery
 b - a ring of positive energy (left hand)
 j - a ring of resist corrosion (right hand)
 t - an amulet of faith (around neck)
Wands
 h - a wand of acid (12)
 E - a wand of charming (6)
 F - a wand of digging (4)
Scrolls
 o - 3 scrolls of fog
 r - a scroll of vulnerability
 s - a scroll of summoning
 w - a scroll of torment
 y - 3 scrolls of identify
 B - a scroll of brand weapon {unknown}
Potions
 c - a potion of magic {unknown}
 d - 2 potions of might {unknown}
 e - 4 potions of curing
 f - 7 potions of mutation
 k - a potion of flight {unknown}
 p - a potion of haste {unknown}
 C - a potion of heal wounds {unknown}
 D - a potion of invisibility {unknown}
 G - a potion of brilliance {unknown}


   Skills:
 - Level 5.2 Staves
 - Level 4.2 Armour
 - Level 1.5 Dodging
 - Level 1.5 Stealth
 - Level 1.5 Spellcasting
 - Level 3.0 Conjurations
 * Level 13.2 Fire Magic
 + Level 3.5 Invocations


You had 5 spell levels left.
You knew the following spells:

 Your Spells              Type           Power      Damage    Failure   Level
a - Foxfire               Conj/Fire      100%       2x1d9     1%          1
b - Scorch                Fire           100%       2d10      1%          2
c - Flame Wave            Conj/Fire      32%        2d8       8%          4

Your spell library contained the following spells:

 Spells                   Type           Power      Damage    Failure   Level
 Conjure Flame            Conj/Fire      32%        6-21      2%          3
 Inner Flame              Hex/Fire       26%        N/A       4%          3
 Call Canine Familiar     Summ           1%         N/A       56%         3
 Gell's Gravitas          Tloc           1%         N/A       56%         3
 Lesser Beckoning         Tloc           1%         N/A       56%         3
 Portal Projectile        Hex/Tloc       2%         N/A       56%         3
 Teleport Other           Tloc           1%         N/A       56%         3
 Leda's Liquefaction      Hex/Erth       0%         N/A       92%         4
 Dispersal                Tloc           0%         N/A       100%        6


Dungeon Overview and Level Annotations

Branches:
Dungeon (8/15)             Temple (0/1) D:7
   Lair: D:8-11

Altars:
Cheibriados
Kikubaaqudgha
Nemelex Xobeh
Qazlal
Sif Muna
Uskayaw
Yredelemnul

Shops:
D:5 *?

Annotations:
D:3 1 runed translucent door, mcbry74's ghost, amateur OpWz


Message History

The foxfire hits the two-headed ogre.
The two-headed ogre is moderately wounded.
Casting: Foxfire (safe; 1% risk of failure)
Confirm with . or Enter, or press ? or * to list all spells.
You can't see any susceptible monsters within range! (Use Z to cast anyway.)
The foxfire hits the two-headed ogre.
The two-headed ogre is moderately wounded.
The foxfire hits the two-headed ogre.
The two-headed ogre is moderately wounded.
Casting: Foxfire (safe; 1% risk of failure)
Confirm with . or Enter, or press ? or * to list all spells.
You conjure some foxfire!
Casting: Foxfire (safe; 1% risk of failure)
Confirm with . or Enter, or press ? or * to list all spells.
Flames lash the two-headed ogre.
The two-headed ogre is heavily wounded.
The two-headed ogre's fire resistance burns away.
The foxfire hits the two-headed ogre!
The two-headed ogre is burned terribly!
The two-headed ogre is severely wounded.
The foxfire hits the two-headed ogre.
The two-headed ogre is burned terribly!
The two-headed ogre is severely wounded.
Casting: Scorch (safe; 1% risk of failure)
Confirm with . or Enter, or press ? or * to list all spells.
You conjure some foxfire!
The foxfire hits the two-headed ogre!
The two-headed ogre is burned terribly!
The two-headed ogre is almost dead.
The foxfire hits the two-headed ogre but does no damage.
The two-headed ogre is almost dead.
You hit the two-headed ogre.
The two-headed ogre flickers and vanishes!
Deactivating autopickup; reactivate with Ctrl-A.
Something hits you! Something hits you.
You hit something but do no damage. Something hits you!!
* * * LOW HITPOINT WARNING * * *
Something hits you!
* * * LOW HITPOINT WARNING * * *
You barely miss something. Something hits you!
* * * LOW HITPOINT WARNING * * *
Something hits you!
You die...

.............#...###+#
.(...........#...##..#
...##...##...#...#...#
+##...... #########
...#...'...+ ........
.#######..# .......
###..##>.##+###.(.... #.
#.......##..##......
#...#...................
.......@................
#..#..#{##..##..........
####.##..##..........
#......##..##......
#......##..##......
#..................
#..................
###################


There were no monsters in sight!

Vanquished Creatures
  The ghost of EtherCrawl the Ruffian, a novice TrWr of Sif Muna (D:7)
  A troll (D:5)
  A wyvern (D:8)
  Sigmund (D:4)
  Edmund (D:5)
  Menkaure (D:4)
  A water moccasin (D:7)
  Duvessa (D:7)
  A sky beast (D:7)
  2 ice beasts
  2 orc warriors
  A black bear (D:5)
  An ogre (D:6)
  5 centaurs
  2 kobold brigands
  2 scorpions (D:6)
  A bullfrog (D:6)
  Dowan (D:7)
  A killer bee (D:8)
  3 wights (D:7)
  2 howler monkeys
  2 centaur zombies
  3 orc priests
  A hound (D:4)
  A centaur skeleton (D:7)
  Crazy Yiuf (D:4)
  A jelly (D:7)
  2 iguanas
  2 scorpion zombies (D:3)
  7 orc wizards
  A centaur simulacrum (D:7)
  A hound skeleton (D:5)
  3 howler monkey zombies
  Robin (D:4)
  15 gnolls
  3 adders
  A shadow imp (D:5)
  2 white imps (D:6)
  A howler monkey simulacrum (D:7)
  3 ufetubi
  2 adder zombies (D:3)
  2 adder skeletons (D:3)
  2 worms
  3 dart slugs (D:3)
  14 orcs
  A ball python (D:1)
  6 endoplasms
  3 giant cockroaches
  7 hobgoblins
  11 jackals
  3 quokkas
  A ball python zombie (D:3)
  3 bats
  4 frilled lizards
  10 goblins (D:4)
  5 kobolds
  A rat (D:2)
161 creatures vanquished.

Vanquished Creatures (others)
  265 foxfires
  A withered plant (D:3)
266 creatures vanquished.

Grand Total: 427 creatures vanquished

Notes
Turn   | Place    | Note
-------+----------+-------------------------------------------
     0 | D:1      | mcbry74 the Hill Orc Fire Elementalist began the quest for
                  | the Orb.
     0 | D:1      | Reached XP level 1. HP: 14/14 MP: 3/3
   342 | D:1      | Reached XP level 2. HP: 20/20 MP: 1/4
   349 | D:1      | Learned a level 2 spell: Scorch
   669 | D:1      | Found a faded altar of an unknown god.
  1338 | D:2      | Reached skill level 4 in Fire Magic
  1338 | D:2      | Reached XP level 3. HP: 7/26 MP: 2/5
  2406 | D:3      | Reached XP level 4. HP: 33/33 MP: 6/6
  2842 | D:3      | Reached skill level 5 in Fire Magic
  2955 | D:3      | Found a snail-covered altar of Cheibriados.
  3059 | D:3      | Reached XP level 5. HP: 18/38 MP: 2/7
  3732 | D:3      | Noticed mcbry74's ghost (amateur OpWz)
  3735 | D:3      | Found a runed translucent door.
  4186 | D:4      | Noticed Robin
  4207 | D:4      | Killed Robin
  4470 | D:4      | Noticed an ice beast
  4546 | D:4      | Reached skill level 6 in Fire Magic
  4549 | D:4      | Noticed Menkaure
  4811 | D:4      | Killed Menkaure
  4812 | D:4      | Reached skill level 7 in Fire Magic
  4812 | D:4      | Reached XP level 6. HP: 27/45 MP: 2/8
  5025 | D:4      | Found a runed translucent door.
  5026 | D:4      | Noticed Crazy Yiuf
  5075 | D:4      | Found an ancient bone altar of Kikubaaqudgha.
  5259 | D:4      | Killed an ice beast
  5260 | D:4      | Reached XP level 7. HP: 50/50 MP: 3/9
  5478 | D:4      | Noticed Sigmund
  5508 | D:4      | Killed Sigmund
  5509 | D:4      | Reached skill level 8 in Fire Magic
  5879 | D:4      | Killed Crazy Yiuf
  6129 | D:5      | Entered Level 5 of the Dungeon
  6325 | D:5      | Reached skill level 1 in Staves
  6390 | D:5      | Noticed a troll
  6501 | D:5      | Reached skill level 9 in Fire Magic
  6509 | D:5      | Found Ytum's Magic Scroll Boutique.
  6510 | D:5      | Found Nunoeradd's General Store.
  6540 | D:5      | Killed a troll
  6541 | D:5      | Reached XP level 8. HP: 54/57 MP: 3/10
  6629 | D:5      | Learned a level 4 spell: Flame Wave
  7180 | D:5      | Noticed Edmund
  7197 | D:5      | Reached skill level 10 in Fire Magic
  7652 | D:5      | Found a hide-covered altar of Uskayaw.
  7999 | D:5      | Found a shimmering blue altar of Sif Muna.
  8007 | D:5      | Became a worshipper of Sif Muna the Loreminder
  8305 | D:5      | Killed Edmund
  8690 | D:6      | Reached skill level 11 in Fire Magic
  8690 | D:6      | Reached XP level 9. HP: 44/62 MP: 0/11
  8696 | D:6      | Reached skill level 1 in Armour
  8839 | D:6      | Found a stormy altar of Qazlal.
  9763 | D:7      | Reached * piety under Sif Muna
  9957 | D:7      | Found a staircase to the Ecumenical Temple.
  9982 | D:7      | Found a sparkling altar of Nemelex Xobeh.
  9983 | D:7      | Found a basalt altar of Yredelemnul.
 10023 | D:7      | Reached skill level 1 in Invocations
 10189 | D:7      | Found a runed translucent gate.
 10280 | D:7      | Noticed Dowan
 10370 | D:7      | Killed Dowan
 10371 | D:7      | Reached skill level 12 in Fire Magic
 10505 | D:7      | Noticed Duvessa
 10514 | D:7      | Killed Duvessa
 10944 | D:7      | Found a runed translucent gate.
 10944 | D:7      | Found a runed translucent gate.
 10945 | D:7      | Noticed EtherCrawl's ghost (novice TrWr)
 11090 | D:7      | Killed EtherCrawl's ghost
 11091 | D:7      | Reached skill level 5 in Staves
 11091 | D:7      | Reached XP level 10. HP: 47/69 MP: 1/12
 11380 | D:8      | HP: 3/69 [killer bee (7)]
 11766 | D:8      | Reached skill level 13 in Fire Magic
 12136 | D:8      | Reached ** piety under Sif Muna
 12242 | D:8      | Noticed a two-headed ogre
 12270 | D:8      | HP: 1/69 [something (11)]
 12270 | D:8      | Mangled by a two-headed ogre

Illustrated notes

Levels and vault maps discovered:
D:1:      zelgadis_glass_arrival_small, layout_basic,
          ebering_ecumenical_altar_sacrificial, solitary_fountain
D:2:      layout_basic
D:3:      layout_loops_ring, kennysheep_slug_shrine,
          hellmonk_ghost_happy_afterlife, serial_undead, serial_undead_d,
          serial_undead_b, serial_undead_d, serial_undead_a, serial_undead_a,
          serial_undead_d
D:4:      layout_cave_pools, kennysheep_little_box, serial_co_window_serial,
          co_window_paths_a, co_window_paths_b, co_window_corner_a,
          co_window_corner_a, co_window_paths_b, co_window_of_opportunity_a,
          co_window_cross_1, co_window_of_opportunity_c,
          co_window_of_opportunity_b, co_window_broadway_a, co_window_sun,
          uniq_menkaure, uniq_crazy_yiuf_cottage, uniq_sigmund, uniq_robin
D:5:      layout_loops_ring, nicolae_uskayaw_suspiria, led_sif_book,
          kennysheep_path_1, nicolae_wooded_promenade, nrook_uturn, uniq_edmund
D:6:      layout_basic, nicolae_qazlal_scattered_showers, kennysheep_donut,
          minmay_checkerbox
D:7:      layout_cave_pools, chequers_temple_overflow_statue_of_worship,
          minmay_temple_entry_mist, gammafunk_ghost_necromancy,
          minmay_misc_feat_cross, chequers_mini_garden, uniq_duvessa
D:8:      layout_gridville, nzn_wu_jian_council_hall, minmay_fractal_squares_5

Skill      XL: |  1  2  3  4  5  6  7  8  9 10 |
---------------+-------------------------------+-----
Conjurations   | 2 3 |  3.0
Fire Magic     | 4 5 7 9 11 12 13 | 13.2
Staves         | 2 3 5 |  5.2
Armour         | 4 |  4.2
Invocations    | 3 |  3.5
Dodging        | |  1.5
Stealth        | |  1.5
Spellcasting   | |  1.5

Action                   |  1- 3 |  4- 6 |  7- 9 | 10-12 || total
-------------------------+-------+-------+-------+-------++-------
Melee: Dagger            |    19 |    38 |       |     1 ||    58
       Punch             |       |     1 |       |       ||     1
       Quarterstaff      |       |       |   104 |     8 ||   112
 Cast: Foxfire           |    31 |    49 |    66 |    10 ||   156
       Scorch            |     7 |    30 |    84 |    13 ||   134
       Flame Wave        |       |       |     2 |     2 ||     4
  Use: Scroll            |       |     6 |     3 |     1 ||    10
       Potion            |       |       |       |     1 ||     1
 Stab: Sleeping          |     1 |       |       |       ||     1
Armor: Robe              |     5 |    17 |    30 |       ||    52
       Leather armour    |       |       |    26 |     7 ||    33
Dodge: Dodged            |    17 |    41 |    69 |    14 ||   141
